 Dungeon Crawl Stone Soup version 0.19.5 (webtiles) character file.

1048 Da5id the Spear-Bearer (level 8, -3/60 HPs)
             Began as a Merfolk Gladiator on Mar 7, 2017.
             Slain by an ice beast (11 damage)
             ... on level 5 of the Dungeon.
             The game lasted 00:04:56 (5089 turns).

Da5id the Spear-Bearer (Merfolk Gladiator)          Turns: 5089, Time: 00:04:56

Health: -3/60      AC:  5    Str: 17    XL:     8   Next: 25%
Magic:  8/8        EV: 15    Int:  8    God:
Gold:   204        SH:  0    Dex: 14    Spells: 0 memorised, 7 levels left

rFire  . . .     SeeInvis .     a - +0 trident
rCold  . . .     Gourm    .     b - +0 leather armour
rNeg   . . .     Faith    .     (no shield)
rPois  .         Spirit   .     c - +0 helmet
rElec  .         Reflect  .     (no cloak)
rCorr  .         Harm     .     s - +0 pair of gloves
MR     +....                    (no boots)
Stlth  +.........               n - amulet of regeneration
                                (no ring)
                                e - ring of protection from magic

@: no status effects
A: change form in water, swift swim, stealthy swim
a: no special abilities


You were on level 5 of the Dungeon.
You were hungry.

You visited 2 branches of the dungeon, and saw 6 of its levels.

You collected 204 gold pieces.

Inventory:

Hand Weapons
 a - a +0 trident (weapon)
 w - the +5 mace of the Disturbing Lies {flame, rPois rC+}
   (You found it on level 4 of the Dungeon)

   It has been specially enchanted to burn those struck by it, causing extra
   injury to most foes and up to half again as much damage against particularly
   susceptible opponents.
   It protects you from cold.
   It protects you from poison.
Missiles
 d - 4 throwing nets (quivered)
Armour
 b - a +0 leather armour (worn)
 c - a +0 helmet (worn)
 s - a +0 pair of gloves (worn)
Jewellery
 e - a ring of protection from magic (left hand)
 n - an amulet of regeneration (around neck)
Wands
 t - a wand of lightning (13/15)
Scrolls
 h - a scroll of enchant weapon {unknown}
 j - a scroll of immolation {unknown}
 k - 3 scrolls of remove curse {unknown}
 o - 4 scrolls of identify {unknown}
 p - 2 scrolls of fear {unknown}
 u - 2 scrolls of random uselessness {unknown}
 v - 3 scrolls of amnesia {unknown}
 y - a scroll of teleportation {unknown}
Potions
 q - a potion of ambrosia {unknown}
 r - 2 potions of haste {unknown}
 x - 2 potions of lignification {unknown}
 z - a potion of magic {unknown}
Comestibles
 f - 2 bread rations
 g - 6 meat rations
 i - a fruit
 l - 4 chunks of flesh
 m - 2 slices of pizza


   Skills:
 + Level 4.0 Fighting
 - Level 12.1 Polearms
 - Level 2.0 Throwing
 + Level 5.8 Dodging


You had 7 spell levels left.
You didn't know any spells.

Dungeon Overview and Level Annotations

Branches:
Dungeon (5/15)             Temple (1/1) D:4

Altars:
Ashenzari
Cheibriados
Dithmenos
Fedhas
Gozag
Hepliaklqana
Kikubaaqudgha
Makhleb
Qazlal
Ru
Sif Muna
Trog
Vehumet
Xom
Zin
The Shining One


Message History

You closely miss the worker ant.
The worker ant is almost dead.
The worker ant bites you but does no damage.
You hit the worker ant but do no damage.
The worker ant is almost dead.
The ice beast barely misses you. The worker ant barely misses you.
You barely miss the worker ant.
The worker ant is almost dead.
The ice beast closely misses you. The worker ant closely misses you.
You barely miss the worker ant.
The worker ant is almost dead.
You closely miss the worker ant.
The worker ant is almost dead.
The worker ant closely misses you. The ice beast closely misses you.
You closely miss the worker ant.
The worker ant is almost dead.
The worker ant closely misses you. The ice beast hits you.
* * * LOW HITPOINT WARNING * * *
The ice beast freezes you!
You die...

#.................###....
#.########..........#.### #.#
#.###........... ##.## #.#
#.####.###.. #...## ##.###.#
#......
#.#.#.#####...##.########..
#.##.##.#..).#.......# ##.
#..........##)..##.##.# ##
#..##.##.#Y@a......##.######.
# #.#.##.##...#####........
.......###.######..###... #.
..#.#..# #.........# ##.. .#
#. #.##.#..# #..#####.## ##.
#.###.##. #..... ...#
#.######[ #.#...# ###..# #.##
#........ #..... #..# #.#
#..###### ## #...## #..#


You could see an ice beast and a worker ant.

Vanquished Creatures
  The ghost of Uzeprotekshun the Chopper, an amateur FoFi (D:4)
  An ice beast (D:5)
  An ogre (D:5)
  A centaur (D:5)
  A scorpion (D:5)
  2 howler monkeys (D:5)
  A centaur skeleton (D:5)
  An orc priest (D:3)
  An iguana (D:5)
  4 worker ants
  A killer bee zombie (D:5)
  11 gnolls
  2 adders
  An ooze (D:1)
  An adder zombie (D:5)
  3 worms (D:2)
  3 dart slugs
  3 leopard geckos
  12 orcs
  2 ball pythons
  13 bats
  7 giant cockroaches
  4 goblins
  12 hobgoblins
  12 jackals
  4 frilled lizards
  9 kobolds
  A leopard gecko skeleton (D:5)
  10 rats
125 creatures vanquished.

Notes
Turn   | Place    | Note
-------+----------+-------------------------------------------
     0 | D:1      | Da5id the Merfolk Gladiator began the quest for the Orb.
     0 | D:1      | Reached XP level 1. HP: 16/16 MP: 1/1
   115 | D:1      | Reached skill level 5 in Polearms
   168 | D:1      | Reached XP level 2. HP: 22/22 MP: 2/2
   463 | D:1      | Reached XP level 3. HP: 23/27 MP: 3/3
   465 | D:1      | Reached skill level 6 in Polearms
  1007 | D:2      | Reached skill level 7 in Polearms
  1007 | D:2      | Reached XP level 4. HP: 33/33 MP: 4/4
  1805 | D:3      | Reached skill level 8 in Polearms
  1805 | D:3      | Reached XP level 5. HP: 19/38 MP: 5/5
  2208 | D:3      | HP: 1/38 [orc/dagger (4)]
  2666 | D:3      | Found an ancient bone altar of Kikubaaqudgha.
  2824 | D:3      | Reached skill level 9 in Polearms
  3210 | D:4      | Found a staircase to the Ecumenical Temple.
  3219 | Temple   | Entered the Ecumenical Temple
  3455 | D:4      | Got an ivory mace
  3575 | D:4      | Reached XP level 6. HP: 37/44 MP: 6/6
  3697 | D:4      | Noticed Uzeprotekshun's ghost (amateur FoFi)
  3719 | D:4      | Killed Uzeprotekshun's ghost
  3719 | D:4      | Reached skill level 10 in Polearms
  4034 | D:4      | Reached XP level 7. HP: 42/50 MP: 7/7
  4163 | D:4      | Identified the +5 mace of the Disturbing Lies {flame, rPois rC+} (You found it on level 4 of the Dungeon)
  4187 | D:5      | Entered Level 5 of the Dungeon
  4189 | D:5      | Reached skill level 11 in Polearms
  4217 | D:5      | Found a blossoming altar of Fedhas.
  4273 | D:5      | Reached skill level 12 in Polearms
  4800 | D:5      | Reached XP level 8. HP: 55/58 MP: 8/8
  4871 | D:5      | Reached skill level 5 in Dodging
  5089 | D:5      | Slain by an ice beast

Skill      XL: |  1  2  3  4  5  6  7  8 |
---------------+-------------------------+-----
Polearms       | 5 7 8 9 10 12 | 12.1
Fighting       | 3 4 |  4.0
Dodging        | 5 |  5.8
Throwing       | |  2.0

Action                   |  1- 3 |  4- 6 |  7- 9 || total
-------------------------+-------+-------+-------++-------
Melee: Trident           |    98 |   236 |   171 ||   505
  Use: Potion            |       |       |     2 ||     2
 Stab: Sleeping          |     4 |     1 |     1 ||     6
       Distracted        |       |       |     2 ||     2
  Eat: Chunk             |       |     9 |     4 ||    13
Armor: Leather armour    |    21 |    38 |    18 ||    77
Dodge: Dodged            |    33 |   117 |    96 ||   246
